 Dungeon Crawl Stone Soup version 0.23.2 (webtiles) character file.

Game seed: 9944604209148472073

3316 Chiseanne the Fighter (level 9, -1/75 HPs)
             Began as a Demonspawn Wanderer on Apr 7, 2019.
             Was an Initiate of Gozag.
             Slain by a spiny frog (5 damage)
             ... on level 1 of the Lair of Beasts.
             The game lasted 00:17:47 (6457 turns).

Chiseanne the Fighter (Demonspawn Wanderer)         Turns: 6457, Time: 00:17:48

Health: -1/75      AC: 11    Str: 14    XL:     9   Next: 71%
Magic:  9/9        EV: 15    Int: 13    God:    Gozag
Gold:   476        SH:  4    Dex: 15    Spells: 8/8 levels left

rFire    . . .     SeeInvis .   a - +5 dagger (elec)
rCold    + . .     Gourm    .   (no shield)
rNeg     . . .     Faith    .   t - +2 scale mail {rC+}
rPois    .         Spirit   .   (no helmet)
rElec    .         Reflect  .   (no cloak)
rCorr    .         Harm     .   e - +0 pair of gloves
MR       .....                  (boots unavailable)
Stlth    ..........             (no amulet)
HPRegen  0.22/turn              n - +2 ring of evasion
MPRegen  0.11/turn              (no ring)

@: lethally poisoned (-1 -> -33), gold aura
A: hooves 3, large bone plates 1, foul stench 1, rot immunity
a: Potion Petition, Call Merchant, Bribe Branch, Renounce Religion


You were on level 1 of the Lair of Beasts.
You worshipped Gozag.
Gozag was aware of your devotion.
You were not hungry.

You visited 2 branches of the dungeon, and saw 10 of its levels.

You collected 1094 gold pieces.
You paid 618 gold pieces to Gozag.

Inventory:

Hand Weapons
 a - a +5 dagger of electrocution (weapon)
 q - a +0 blowgun
 w - a +3 hand crossbow
Missiles
 h - 109 poisoned needles
 j - 3 needles of frenzy
 o - 142 stones (quivered)
 p - 130 arrows
 r - 52 sling bullets
 x - 20 bolts
Armour
 e - a +0 pair of gloves (worn)
 t - a +2 scale mail of cold resistance (worn)
Jewellery
 n - a +2 ring of evasion (left hand)
 s - an uncursed ring of ice
Wands
 A - a wand of random effects (16)
Scrolls
 m - 3 scrolls of remove curse
 v - a scroll of fog
 z - a scroll of identify
Potions
 c - a potion of lignification
 g - 7 potions of magic
 k - a potion of flight
 l - a potion of cancellation
Comestibles
 f - 5 rations


   Skills:
 * Level 8.5 Fighting
   Level 1.0 Polearms
 - Level 1.7 Crossbows
 * Level 6.6 Armour
 * Level 7.8 Dodging
 - Level 2.6 Stealth
 - Level 1.0 Evocations


You had 8 spell levels left.
You didn't know any spells.
Your spell library contained the following spells:

 Spells                   Type           Power        Failure   Level  Hunger
 Freeze                   Ice            #...         75%         1    ##.....
 Throw Frost              Conj/Ice       #.....       86%         2    ###....
 Ozocubu's Armour         Chrm/Ice       #.......     98%         3    ####...
 Summon Ice Beast         Ice/Summ       #.......     100%        4    #####..
 Throw Icicle             Conj/Ice       #.......     100%        4    #####..


Dungeon Overview and Level Annotations

Branches:
Dungeon (9/15)             Temple (0/1) D:6            Lair (1/6) D:8
    Orc: D:9-12

Altars:
Ashenzari
Cheibriados
Gozag
Kikubaaqudgha
Makhleb
Qazlal
Sif Muna
Trog
Vehumet
Xom
The Shining One

Shops:
D:6 (=

Annotations:
D:3 1 runed translucent door, Descartes's ghost, amateur FoFi


Innate Abilities, Weirdness & Mutations

You have hooves in place of feet.
You are partially covered in large bone plates. (SH +4)
You may emit foul miasma when damaged in melee.
You are immune to rotting.


Message History

You hit the spiny frog. Your kick misses the spiny frog.
The spiny frog is heavily wounded.
* * * LOW HITPOINT WARNING * * *
You feel very sick. The spiny frog closely misses you.
You hit the spiny frog but do no damage.
Lightning courses through the spiny frog!
Your kick misses the spiny frog.
The spiny frog is severely wounded.
* * * LOW HITPOINT WARNING * * *
You feel very sick.
The spiny frog stings you but does no damage.
You hit the spiny frog but do no damage.
You kick the spiny frog!
The spiny frog is almost dead.
* * * LOW HITPOINT WARNING * * *
You feel very sick. The spiny frog stings you.
You die...
Your body crumbles into a pile of gold.

### ..### #.+.##### ########
#.P.....###############.##P#.##
..#.###.........@F..#.##......#
...## #############....#......#
P..# ###.........## #.##
####......P# ...# ##.......#
P.## #.......## ### ######.## #
##..# # ##...#


You could see a spiny frog.

Vanquished Creatures
  2 spiny frogs (Lair:1)
  A hornet (D:9)
  Edmund (D:6)
  Duvessa (D:6)
  A porcupine (Lair:1)
  2 orc warriors
  A sky beast (D:5)
  A phantom (D:2)
  3 centaurs
  3 ogres
  2 big kobolds
  A bullfrog (D:4)
  2 scorpions
  Dowan (D:6)
  3 vampire bats (D:6)
  A centaur zombie (D:9)
  2 crimson imps
  3 bullfrog zombies
  3 hounds
  2 orc priests (D:8)
  Jessica (D:3)
  A bullfrog skeleton (D:4)
  An iguana (D:8)
  4 orc wizards
  7 worker ants
  A hound zombie (D:9)
  A howler monkey zombie (D:5)
  4 gnolls (D:4)
  A howler monkey skeleton (D:9)
  5 adders
  3 oozes
  2 adder zombies
  4 worms
  4 dart slugs
  A leopard gecko (D:5)
  18 orcs
  A bat skeleton (D:6)
  3 bat zombies (D:6)
  A giant cockroach (D:2)
  2 goblins
  6 hobgoblins
  14 jackals
  24 kobolds
  3 quokkas
  A ball python (D:2)
  7 bats
  5 frilled lizards
  A leopard gecko skeleton (D:5)
  A leopard gecko zombie (D:6)
  A quokka skeleton (D:5)
  11 rats
  2 plants (D:5)
177 creatures vanquished.

Vanquished Creatures (collateral kills)
  An orc (D:8)
1 creature vanquished.

Vanquished Creatures (others)
  A fungus (Lair:1)
1 creature vanquished.

Grand Total: 179 creatures vanquished

Notes
Turn   | Place    | Note
-------+----------+-------------------------------------------
     0 | D:1      | Chiseanne the Demonspawn Wanderer began the quest for the
                  | Orb.
     0 | D:1      | Chiseanne set off with the following items: a +2 hand
                  | crossbow, 24 bolts, a potion of lignification, a +0 ring
                  | mail, a +0 dagger, a ration
     0 | D:1      | Reached XP level 1. HP: 13/13 MP: 1/1
   314 | D:1      | Reached skill level 1 in Fighting
   315 | D:1      | Reached skill level 1 in Dodging
   315 | D:1      | Gained mutation: You have large cloven feet. [demonic
                  | ancestry]
   315 | D:1      | Reached XP level 2. HP: 21/21 MP: 2/2
   831 | D:2      | Gained mutation: You are immune to rotting. [demonic
                  | ancestry]
   831 | D:2      | Reached XP level 3. HP: 27/27 MP: 3/3
   842 | D:2      | Found a glowing golden altar of the Shining One.
   966 | D:2      | Noticed a phantom
   984 | D:2      | Killed a phantom
   984 | D:2      | Reached skill level 3 in Fighting
   984 | D:2      | Gained mutation: You are partially covered in large bone
                  | plates. (SH +4) [demonic ancestry]
   984 | D:2      | Reached XP level 4. HP: 12/35 MP: 4/4
  1286 | D:2      | Found a shattered altar of Ashenzari.
  1554 | D:3      | Gained mutation: You have hoof-like feet. [demonic
                  | ancestry]
  1554 | D:3      | Reached XP level 5. HP: 41/41 MP: 5/5
  1567 | D:3      | Found a burning altar of Makhleb.
  1567 | D:3      | Noticed an Executioner
  2042 | D:3      | Noticed Jessica
  2046 | D:3      | Killed Jessica
  2054 | D:3      | Found a deep blue altar of Sif Muna.
  2103 | D:3      | Found an opulent altar of Gozag.
  2103 | D:3      | Found a shimmering altar of Xom.
  2137 | D:3      | Became a worshipper of Gozag Ym Sagoz the Greedy
  2158 | D:3      | Noticed Descartes's ghost (amateur FoFi)
  2159 | D:3      | Found a runed translucent door.
  2262 | D:4      | Found a snail-covered altar of Cheibriados.
  2305 | D:4      | Reached skill level 4 in Fighting
  2310 | D:4      | Reached XP level 6. HP: 48/48 MP: 6/6
  2807 | D:4      | Found a radiant altar of Vehumet.
  2846 | D:4      | Reached skill level 5 in Fighting
  2846 | D:4      | Gained mutation: You have hooves in place of feet. [demonic
                  | ancestry]
  2846 | D:4      | Reached XP level 7. HP: 49/56 MP: 7/7
  3251 | D:5      | Entered Level 5 of the Dungeon
  3358 | D:5      | Reached skill level 5 in Dodging
  3700 | D:5      | Reached skill level 6 in Fighting
  3811 | D:5      | Gained mutation: You may emit foul miasma when damaged in
                  | melee. [demonic ancestry]
  3811 | D:5      | Reached XP level 8. HP: 63/64 MP: 8/8
  4559 | D:6      | Noticed Duvessa
  4561 | D:6      | Noticed Dowan
  4589 | D:6      | Noticed Edmund
  4711 | D:6      | Killed Dowan
  4714 | D:6      | Killed Duvessa
  4849 | D:6      | Killed Edmund
  4849 | D:6      | Reached skill level 7 in Fighting
  4849 | D:6      | Reached skill level 5 in Armour
  5166 | D:6      | Reached XP level 9. HP: 53/72 MP: 9/9
  5314 | D:6      | Found a stormy altar of Qazlal.
  5320 | D:6      | Found a staircase to the Ecumenical Temple.
  5333 | D:6      | Found Xearphokk's Weapon Boutique.
  5472 | D:6      | Found an ancient bone altar of Kikubaaqudgha.
  5582 | D:7      | Found a bloodstained altar of Trog.
  5623 | D:7      | You fall through a shaft for 2 floors!
  5807 | D:8      | Found a staircase to the Lair.
  5810 | D:8      | Reached skill level 8 in Fighting
  5823 | Lair:1   | Entered Level 1 of the Lair of Beasts
  5823 | Lair:1   | Noticed a spiny frog
  5831 | Lair:1   | Killed a spiny frog
  6425 | Lair:1   | Noticed a spiny frog
  6426 | Lair:1   | Noticed a spiny frog
  6450 | Lair:1   | Killed a spiny frog
  6457 | Lair:1   | Slain by a spiny frog

Skill      XL: |  1  2  3  4  5  6  7  8  9 |
---------------+----------------------------+-----
Fighting       | 1 3 4 5 6 7 8 |  8.5
Dodging        | 1 2 3 4 5 6 7 |  7.8
Armour         | 3 5 6 |  6.6
Polearms       | |  1.0
Crossbows      | |  1.7
Stealth        | |  2.6
Evocations     | |  1.0

Action                   |  1- 3 |  4- 6 |  7- 9 || total
-------------------------+-------+-------+-------++-------
Melee: Mace              |       |     2 |   102 ||   104
       Kick              |       |     1 |   112 ||   113
       Short sword       |       |       |    85 ||    85
       Dagger            |       |       |   109 ||   109
 Fire: Hand crossbow     |    63 |   143 |    75 ||   281
Throw: Stone             |       |     7 |       ||     7
Invok: Call Merchant     |       |       |     1 ||     1
  Use: Scroll            |     2 |     9 |     8 ||    19
       Potion            |       |       |     3 ||     3
 Stab: Distracted        |       |       |     3 ||     3
  Eat: Chunk             |       |     4 |       ||     4
       Ration            |       |     2 |     2 ||     4
Armor: Ring mail         |     3 |    21 |    27 ||    51
       Scale mail        |       |       |    29 ||    29
Dodge: Dodged            |     4 |    63 |   238 ||   305
Block: Other             |       |    16 |    44 ||    60
